 Dungeon Crawl Stone Soup version 0.27-a0-200-g8ba017916c (webtiles) character file.

Game seed: 3524429675502220942

74 vurker the Bolt Thrower (level 4, 0/30 HPs)
             Began as a Halfling Hunter on Jan 29, 2021.
             Slain by a bullfrog (1 damage)
             ... on level 3 of the Dungeon.
             The game lasted 00:02:00 (1469 turns).

vurker the Bolt Thrower (Halfling Hunter)           Turns: 1469, Time: 00:02:00

Health: 0/30       AC:  6    Str: 14    XL:     4   Next: 52%
Magic:  4/4        EV: 12    Int:  9    God:
Gold:   99         SH:  0    Dex: 14    Spells: 3/3 levels left

rFire    . . .     SeeInvis .   a - +1 hand crossbow
rCold    . . .     Faith    .   (shield restricted)
rNeg     . . .     Spirit   .   p - +0 scale mail
rPois    .         Reflect  .   (no helmet)
rElec    .         Harm     .   (no cloak)
rCorr    .         Rampage  .   (no gloves)
Will     .....                  (no boots)
Stlth    ..........             (no amulet)
HPRegen  0.10/turn              (no ring)
MPRegen  0.09/turn              (no ring)

@: no status effects
A: small, mutation resistance 1
a: no special abilities


You were on level 3 of the Dungeon.
You visited 1 branch of the dungeon, and saw 3 of its levels.

You collected 99 gold pieces.

Inventory:

Hand Weapons
 a - a +1 hand crossbow (weapon)
 b - a +0 short sword of freezing
   (You took it off a kobold on level 1 of the Dungeon)
Missiles
 d - 8 bolts (quivered ammo)
Armour
 p - a +0 scale mail (worn)
   (You found it on level 2 of the Dungeon)
 v - a +0 pair of gloves
   (You found it on level 3 of the Dungeon)
Jewellery
 c - an uncursed ring of ice
   (You found it on level 1 of the Dungeon)
Scrolls
 e - 2 scrolls of identify {unknown}
 f - 4 scrolls of remove curse {unknown}
 g - 4 scrolls of teleportation {unknown}
 h - 2 scrolls of immolation {unknown}
 k - a scroll of amnesia {unknown}
 n - 3 scrolls of enchant weapon {unknown}
 s - a scroll of blinking {unknown}
Potions
 i - 3 potions of cancellation {unknown}
 j - a potion of curing {unknown}
 l - a potion of magic {unknown}
 m - 2 potions of flight {unknown}
 o - a potion of degeneration {unknown}
 q - 2 potions of berserk rage {unknown}
 r - a potion of lignification {unknown}
 t - a potion of brilliance {unknown}
 u - a potion of might {unknown}


   Skills:
 + Level 2.6 Fighting
 * Level 5.7 Crossbows
 - Level 2.1 Dodging
 - Level 1.1 Stealth


You had 3 spell levels left.
You didn't know any spells.
Your spell library was empty.

Dungeon Overview and Level Annotations

Branches:
Dungeon (3/15)

Altars:
Nemelex Xobeh

Annotations:
D:3 Natasha


Innate Abilities, Weirdness & Mutations

You are small and have problems with some larger weapons.
You are somewhat resistant to further mutation.


Message History

Aim: a bat (severely wounded, 54% to hit)
You shoot a bolt. The bolt misses the bat.
The bolt hits the bullfrog.
The bat closely misses you. The bat barely misses you.
The crimson imp summons a swarm of flies.
Fire: 16 bolts
Aim: a bat (severely wounded, 53% to hit)
You shoot a bolt. The bolt hits the bat!
You kill the bat!
The bullfrog hits you but does no damage.
Fire: 15 bolts
Aim: a bullfrog (60% to hit)
You shoot a bolt. The bolt hits the bullfrog.
The shadow imp disappears in a puff of smoke!
The bullfrog barely misses you. The bullfrog hits you.
* * * LOW HITPOINT WARNING * * *
Fire: 14 bolts
Aim: a bullfrog (lightly wounded, 60% to hit)
You shoot a bolt. The bolt barely misses the bullfrog.
The bolt hits the crimson imp.
The bullfrog closely misses you. x2
Natasha casts a spell.
Fire: 13 bolts
Aim: a bullfrog (lightly wounded, 60% to hit)
You shoot a bolt. The bolt hits the bullfrog.
The bullfrog closely misses you.
The bullfrog hits you but does no damage.
Fire: 12 bolts
Aim: a bullfrog (moderately wounded, 59% to hit)
You shoot a bolt. The bolt hits the bullfrog!
The bullfrog hits you but does no damage.
Fire: 11 bolts
Aim: a bullfrog (severely wounded, 60% to hit)
You shoot a bolt. The bolt barely misses the bullfrog.
The bolt barely misses the crimson imp.
The bullfrog hits you.
* * * LOW HITPOINT WARNING * * *
The crimson imp blinks!
Natasha mumbles some strange words.
The bullfrog closely misses you.
Fire: 10 bolts
Aim: a bullfrog (severely wounded, 60% to hit)
You shoot a bolt. The bolt barely misses the bullfrog.
The bullfrog misses you.
The shadow imp hits you but does no damage.
The bullfrog hits you but does no damage.
Fire: 9 bolts
Aim: a bullfrog (severely wounded, 60% to hit)
You shoot a bolt. The bolt barely misses the bullfrog.
The bullfrog hits you.
You die...

#+#............# .... ..
(...†).†.......# #.....
.##+### .......).......#
..<... .......
......)†.......##
......##......
......##........#
..............
.#######........#
..........# .# #........#
........).# .#
#........###+#####.....###
.#
#........@F((#####...=...$
##
#.......5##.......(.......
........5.................
....##..h.........#####...
... #.....#'#......###...
## #.....#.#............
#.....###............
#..... #............
#..... #......).....


You could see a bullfrog, Natasha, a crimson imp (summoned) and a shadow imp
(summoned).

Vanquished Creatures
  Natasha (D:3)
  An ooze (D:1)
  A dart slug (D:2)
  A leopard gecko (D:1)
  5 orcs (D:3)
  3 goblins
  3 hobgoblins (D:1)
  A quokka (D:3)
  A ball python (D:1)
  7 bats
  4 frilled lizards
  5 kobolds
  4 rats
37 creatures vanquished.

Notes
Turn   | Place    | Note
-------+----------+-------------------------------------------
     0 | D:1      | vurker the Halfling Hunter began the quest for the Orb.
     0 | D:1      | Reached XP level 1. HP: 14/14 MP: 1/1
   265 | D:1      | Reached XP level 2. HP: 19/19 MP: 2/2
   367 | D:1      | Reached skill level 5 in Crossbows
   539 | D:1      | Reached XP level 3. HP: 24/24 MP: 3/3
  1127 | D:2      | Found a sparkling altar of Nemelex Xobeh.
  1320 | D:3      | Noticed Natasha
  1325 | D:3      | Killed Natasha
  1326 | D:3      | Reached XP level 4. HP: 30/30 MP: 4/4
  1440 | D:3      | Noticed Natasha
  1443 | D:3      | Noticed a bullfrog
  1467 | D:3      | HP: 1/30 [bullfrog (6)]
  1469 | D:3      | Slain by a bullfrog

Illustrated notes

Levels and vault maps discovered:
D:1:      dpeg_arrival_water_temple_mockup, layout_basic, nrook_campfire
D:2:      layout_rooms, nicolae_overflow_crystal_walls, kennysheep_another_room,
          hex_intersection
D:3:      layout_basic, nzn_wu_jian_council_hall, uniq_natasha, uniq_jessica

Skill      XL: |  1  2 |
---------------+-------+-----
Fighting       | 2 |  2.6
Crossbows      | 5 |  5.7
Dodging        | |  2.1
Stealth        | |  1.1

Action                   |  1- 3 |  4- 6 || total
-------------------------+-------+-------++-------
Melee: Short sword       |    80 |    19 ||    99
 Fire: Hand crossbow     |     7 |    10 ||    17
Armor: Ring mail         |    13 |       ||    13
       Scale mail        |     7 |    22 ||    29
Dodge: Dodged            |    60 |    35 ||    95

Table legend: (Time is in decaauts)
 A = Elapsed time spent in this place.
 B = Non-inter-level travel time spent in this place.
 C = Inter-level travel time spent in this place.
 D = Time resting spent in this place.
 E = Time spent auto-exploring this place.
 F = Levels seen in this place.
 G = Mean time per level.
                   A        B        C        D        E       F      G
               +--------+--------+--------+--------+--------+-----+--------+
         Total |   1478 |   1417 |     61 |      0 |   1119 |   3 |  492.7 |
       Dungeon |   1478 |   1417 |     61 |      0 |   1119 |   3 |  492.7 |
               +--------+--------+--------+--------+--------+-----+--------+

Top non-repeatable levels by time:
     D:1: 751 daAuts
     D:2: 517 daAuts
     D:3: 210 daAuts
